Cogmind - Beta 11.2 --- EXPLORER MODE // 2023.01.01 @ 17:55:39 // Winter2022/Polymind Player: RezTeKK Result: Destroyed by B-99 Colossus with Multirail Performance ------------- Evolutions (9) 4500 Regions Visited (18) 3600 Robots Destroyed (2) 10 Value Destroyed (64) 64 Prototype IDs (2) 40 Alien Tech Used (0) 0 Bonus (7979) 7979 TOTAL SCORE: 15923 Bonus ------- Polymind Skill 4845 Pacifist 834 Entered Garrisons 800 Used RIF Installer 1500 Cogmind --------- Core Integrity 0/1600 Matter 0/0 Energy 99/100 System Corruption 4% Temperature Cool (0) Movement Core (50) Location -1/Access Parts ------- > --- POWER (1) -------- (None) > --- PROPULSION (2) --- (None) > --- UTILITY (3) ------ (None) > --- WEAPON (1) ------- (None) > --- INVENTORY (0) ---- (None) Peak State ------------ > --- POWER ------------ Light Angular Momentum Engine > --- PROPULSION ------- Gravmag System Gravmag System > --- UTILITY ---------- Improved Hacking Suite Improved System Shield Improved System Restoration Module > --- WEAPON ----------- Advanced Datajack > --- INVENTORY -------- (None) [Rating: 35] Favorites ----------- Power Improved Ion Engine Engine Improved Ion Engine Power Core Light Nuclear Core Propulsion Light Treads Treads Light Treads Wheel Compact Wheel Hover Unit Improved Hover Unit Flight Unit VTOL Module Utility Heat Sink Device Heat Sink Storage Small Storage Unit Hackware Hacking Suite Protection Light Armor Plating Weapon Beam Rifle Energy Gun Beam Rifle Ballistic Gun Heavy Assault Rifle Special Melee Weapon Advanced Datajack Build | -11 -10 -10 -9 -9 -9 -8 -7 -7 -7 -6 -5 -5 -5 -4 -3 -3 -2 -1 ------- Run | Scr Mat Min Mat Sto Gar Mat Fac Gar Fac Fac Fac Gar Ext Fac Res Gar Res Acc Slots Evolved . | . . . . . . . . . . . . . . . . . . . Power . | . . . . . . . . . . . . . . . . . . . Propulsion . | . . . . . . . . . . . . . . . . . . . Utility . | . . . . . . . . . . . . . . . . . . . Weapon . | . . . . . . . . . . . . . . . . . . . Parts Attached . | . . . . . . . . . . . . . . . . . . . Power . | . . . . . . . . . . . . . . . . . . . Engine . | . . . . . . . . . . . . . . . . . . . Core . | . . . . . . . . . . . . . . . . . . . Reactor . | . . . . . . . . . . . . . . . . . . . Propulsion . | . . . . . . . . . . . . . . . . . . . Treads . | . . . . . . . . . . . . . . . . . . . Leg . | . . . . . . . . . . . . . . . . . . . Wheel . | . . . . . . . . . . . . . . . . . . . Hover . | . . . . . . . . . . . . . . . . . . . Flight . | . . . . . . . . . . . . . . . . . . . Utility . | . . . . . . . . . . . . . . . . . . . Device . | . . . . . . . . . . . . . . . . . . . Storage . | . . . . . . . . . . . . . . . . . . . Processor . | . . . . . . . . . . . . . . . . . . . Hackware . | . . . . . . . . . . . . . . . . . . . Protection . | . . . . . . . . . . . . . . . . . . . Artifact . | . . . . . . . . . . . . . . . . . . . Weapon . | . . . . . . . . . . . . . . . . . . . Energy Gun . | . . . . . . . . . . . . . . . . . . . Energy Cannon . | . . . . . . . . . . . . . . . . . . . Ballistic Gun . | . . . . . . . . . . . . . . . . . . . Ballistic Cannon . | . . . . . . . . . . . . . . . . . . . Launcher . | . . . . . . . . . . . . . . . . . . . Special Weapon . | . . . . . . . . . . . . . . . . . . . Impact Weapon . | . . . . . . . . . . . . . . . . . . . Slashing Weapon . | . . . . . . . . . . . . . . . . . . . Piercing Weapon . | . . . . . . . . . . . . . . . . . . . Special Melee Weapon . | . . . . . . . . . . . . . . . . . . . Unidentified Prototypes . | . . . . . . . . . . . . . . . . . . . Parts Lost 20 | . . . . . 4 . . . . 7 . . 2 . . . . 7 Power 4 | . . . . . 1 . . . . 1 . . 1 . . . . 1 Propulsion 7 | . . . . . 2 . . . . 2 . . 1 . . . . 2 Utility 7 | . . . . . 1 . . . . 3 . . . . . . . 3 Weapon 2 | . . . . . . . . . . 1 . . . . . . . 1 Highest Loss Streak 6 | . . . . . 3 . . . . 4 . . 2 . . . . 6 To Critical Strikes 1 | . . . . . . . . . . . . . . . . . . 1 Average Slot Usage (%) 83 | . 100 100 100 100 85 93 100 100 100 71 100 100 100 50 50 50 50 31 Engine 10 | . 20 20 20 20 15 10 12 12 12 9 . . . . . . . 3 Core 1 | . . . . . . . . . . 4 25 25 25 . . . . . Treads 11 | . . . . . . 22 25 25 21 . . . . . . . . . Wheel 8 | . 40 40 40 40 34 . . . . . . . . . . . . . Hover 1 | . . . . . . . . . 3 12 . . . . . . . 4 Flight 4 | . . . . . . . . . . 9 50 50 50 25 25 25 25 4 Device 16 | . 20 20 20 20 15 22 25 25 23 6 . . . . . . . 3 Storage 5 | . 20 20 20 20 20 1 . . . . . . . . . . . . Hackware 2 | . . . . . . . . . 3 18 . . . . . . . 7 Protection 5 | . . . . . . 10 12 12 10 . . . . . . . . . Energy Gun 5 | . . . . . . 10 12 12 10 . . . . . . . . . Ballistic Gun 8 | . . . . . . 10 12 12 10 4 25 25 25 25 25 25 25 4 Special Melee Weapon 1 | . . . . . . . . . 1 5 . . . . . . . 4 Naked Turns 250 | . . . . . . 2 . . . 3 . . . . . . . 245 Heaviest Build 18 | 9 9 9 9 9 9 18 18 18 18 8 8 8 8 3 3 3 3 12 Greatest Support 40 | 32 32 32 32 32 32 40 40 40 40 14 8 8 8 4 4 4 4 18 Greatest Overweight (x) 3 | . . . . . 1 1 . . . 1 . . 1 . . . . 3 Average Overweight (x) . | . . . . . . . . . . . . . . . . . . . Largest Inventory Capacity 4 | 4 4 4 4 4 4 4 1 1 1 1 . . . . . . . 1 Average Capacity 1 | 1 4 4 4 4 4 1 1 1 1 . . . . . . . . . Most Carried . | . . . . . . . . . . . . . . . . . . . Average Carried . | . . . . . . . . . . . . . . . . . . . Final Capacity 4 | 4 4 4 4 4 4 1 1 1 1 . . . . . . . . . Final Carried . | . . . . . . . . . . . . . . . . . . . Class Distribution -------------------- 44% | Sentry 25% | Recycler 11% | Swarmer 11% | Operator 6% | Cogmind Dominant Class ---------------- Recycler | -10/Materials Recycler | -10/Mines Recycler | -9/Materials Recycler | -9/Storage Recycler | -9/Garrison Sentry | -8/Materials Sentry | -7/Factory Sentry | -7/Garrison Sentry | -7/Factory Operator | -6/Factory Swarmer | -5/Factory Swarmer | -5/Garrison Swarmer | -5/Extension Swarmer | -4/Factory Swarmer | -3/Research Swarmer | -3/Garrison Swarmer | -2/Research Cogmind | -1/Access Resources | -11 -10 -10 -9 -9 -9 -8 -7 -7 -7 -6 -5 -5 -5 -4 -3 -3 -2 -1 ----------- Run | Scr Mat Min Mat Sto Gar Mat Fac Gar Fac Fac Fac Gar Ext Fac Res Gar Res Acc Matter Collected 24 | . . . . . . . . 18 . . . . 6 . . . . . Remotely . | . . . . . . . . . . . . . . . . . . . Salvage Created 78 | . . . . . . . . 78 . . . . . . . . . . Parts 3 | . . . . . . . . 3 . . . . . . . . . . Haulers Intercepted . | . . . . . . . . . . . . . . . . . . . Recyclers Shooed . | . . . . . . . . . . . . . . . . . . . Parts Field Recycled . | . . . . . . . . . . . . . . . . . . . Retrieved Matter . | . . . . . . . . . . . . . . . . . . . Parts Self-Destructed . | . . . . . . . . . . . . . . . . . . . Prevented . | . . . . . . . . . . . . . . . . . . . Kills | -11 -10 -10 -9 -9 -9 -8 -7 -7 -7 -6 -5 -5 -5 -4 -3 -3 -2 -1 ------- Run | Scr Mat Min Mat Sto Gar Mat Fac Gar Fac Fac Fac Gar Ext Fac Res Gar Res Acc Combat Hostiles Destroyed 2 | . . . . . . . . 2 . . . . . . . . . . Guns 2 | . . . . . . . . 2 . . . . . . . . . . Classes Destroyed 1 | . . . . . . . . 1 . . . . . . . . . . Swarmer 2 | . . . . . . . . 2 . . . . . . . . . . Best Kill Streak 2 | . . . . . . . . 2 . . . . . . . . . . Combat Bots Only 2 | . . . . . . . . 2 . . . . . . . . . . Max Kills in Single Turn 1 | . . . . . . . . 1 . . . . . . . . . . Gunslinging . | . . . . . . . . . . . . . . . . . . . Exploded . | . . . . . . . . . . . . . . . . . . . Melee . | . . . . . . . . . . . . . . . . . . . Uniques/NPCs Destroyed . | . . . . . . . . . . . . . . . . . . . Combat | -11 -10 -10 -9 -9 -9 -8 -7 -7 -7 -6 -5 -5 -5 -4 -3 -3 -2 -1 -------- Run | Scr Mat Min Mat Sto Gar Mat Fac Gar Fac Fac Fac Gar Ext Fac Res Gar Res Acc Damage Taken 3319 | . . . . . 436 314 . 120 29 394 . . 152 . . . . 1874 Core 2229 | . . . . . 222 90 . 22 . 226 . . 64 . . . . 1605 Absorbed by Shields 79 | . . . . . . . . . . . . . . . . . . 79 Core Remaining (%) 88 | 100 . 100 . . 44 83 . . 96 73 . . 93 100 . 100 100 . Volleys Fired 5 | . . . . . . . . 5 . . . . . . . . . . Largest 2 | . . . . . . . . 2 . . . . . . . . . . Hottest 79 | . . . . . . . . 79 . . . . . . . . . . Shots Fired 10 | . . . . . . . . 10 . . . . . . . . . . Gun 10 | . . . . . . . . 10 . . . . . . . . . . Cannon . | . . . . . . . . . . . . . . . . . . . Launcher . | . . . . . . . . . . . . . . . . . . . Special . | . . . . . . . . . . . . . . . . . . . Kinetic 5 | . . . . . . . . 5 . . . . . . . . . . Thermal 5 | . . . . . . . . 5 . . . . . . . . . . Explosive . | . . . . . . . . . . . . . . . . . . . Electromagnetic . | . . . . . . . . . . . . . . . . . . . Robot Hit Streak 6 | . . . . . . . . 6 . . . . . . . . . . Robot Miss Streak 3 | . . . . . . . . 3 . . . . . . . . . . Penetration Max . | . . . . . . . . . . . . . . . . . . . Secondary Targets 1 | . . . . . . . . 1 . . . . . . . . . . Max Gunslinging Chain 1 | . . . . . . . . 1 . . . . . . . . . . Shots Hit Robots 21 | . . . . . . . . 6 3 12 . . . . . . . . Core Hits 5 | . . . . . . . . 4 . 1 . . . . . . . . Critical Kills . | . . . . . . . . . . . . . . . . . . . Critical Parts Destroyed . | . . . . . . . . . . . . . . . . . . . Critical Strikes . | . . . . . . . . . . . . . . . . . . . Melee Attacks 16 | . . . . . . . . . 3 12 . . . . . . . 1 Impact . | . . . . . . . . . . . . . . . . . . . Slashing . | . . . . . . . . . . . . . . . . . . . Piercing . | . . . . . . . . . . . . . . . . . . . Sneak Attacks 3 | . . . . . . . . . 2 1 . . . . . . . . Combat Hostiles 1 | . . . . . . . . . 1 . . . . . . . . . Follow-up Attacks . | . . . . . . . . . . . . . . . . . . . Damage Inflicted 150 | . . . . . 3 . . 90 . 38 . . . . . . . 19 Guns 90 | . . . . . . . . 90 . . . . . . . . . . Cannons . | . . . . . . . . . . . . . . . . . . . Explosions . | . . . . . . . . . . . . . . . . . . . Melee . | . . . . . . . . . . . . . . . . . . . Ramming 60 | . . . . . 3 . . . . 38 . . . . . . . 19 Kinetic 46 | . . . . . . . . 46 . . . . . . . . . . Thermal 44 | . . . . . . . . 44 . . . . . . . . . . Explosive . | . . . . . . . . . . . . . . . . . . . Electromagnetic . | . . . . . . . . . . . . . . . . . . . Impact . | . . . . . . . . . . . . . . . . . . . Slashing . | . . . . . . . . . . . . . . . . . . . Piercing . | . . . . . . . . . . . . . . . . . . . Highest Corruption 5 | . . . . . . . . . . 5 . . . . . . . 4 Average Corruption 2 | . . . . . . . . . . 3 . . . . . . . 1 Corruption Purged 2 | . . . . . . . . . . 2 . . . . . . . . Corruption Blocked . | . . . . . . . . . . . . . . . . . . . Effects 2 | . . . . . . . . . . 2 . . . . . . . . Message Errors 1 | . . . . . . . . . . 1 . . . . . . . . Heat Flow Errors 1 | . . . . . . . . . . 1 . . . . . . . . Overload Shots . | . . . . . . . . . . . . . . . . . . . Overflow Damage . | . . . . . . . . . . . . . . . . . . . Projectiles . | . . . . . . . . . . . . . . . . . . . Explosions . | . . . . . . . . . . . . . . . . . . . Melee . | . . . . . . . . . . . . . . . . . . . Knockbacks . | . . . . . . . . . . . . . . . . . . . Impact . | . . . . . . . . . . . . . . . . . . . Kinetic . | . . . . . . . . . . . . . . . . . . . Secondary . | . . . . . . . . . . . . . . . . . . . Self-Inflicted Damage 28 | . . . . . 1 . . . . 18 . . . . . . . 9 Shots . | . . . . . . . . . . . . . . . . . . . Rammed 12 | . . . . . 2 . . . . 7 . . . . . . . 3 Targets Rammed 12 | . . . . . 2 . . . . 7 . . . . . . . 3 Kicked . | . . . . . . . . . . . . . . . . . . . Crushed . | . . . . . . . . . . . . . . . . . . . Highest Temperature 187 | . . . . . 4 11 . . 7 187 . . . . . . . 3 Average Temperature 59 | . . . . . 4 5 . . 4 97 . . . . . . . 2 Received Heat Transfer 339 | . . . . . 48 216 . . 18 18 . . 21 . . . . 18 Siege Activations . | . . . . . . . . . . . . . . . . . . . Robots Corrupted . | . . . . . . . . . . . . . . . . . . . Combat Hostiles . | . . . . . . . . . . . . . . . . . . . Parts Fried . | . . . . . . . . . . . . . . . . . . . Impact Corruptions . | . . . . . . . . . . . . . . . . . . . Robots Melted . | . . . . . . . . . . . . . . . . . . . Combat Hostiles . | . . . . . . . . . . . . . . . . . . . Parts Melted . | . . . . . . . . . . . . . . . . . . . Heat Transferred 111 | . . . . . . . . 111 . . . . . . . . . . Parts Sabotaged . | . . . . . . . . . . . . . . . . . . . Parts Stolen . | . . . . . . . . . . . . . . . . . . . Parts Stripped . | . . . . . . . . . . . . . . . . . . . Power Chain Reactions . | . . . . . . . . . . . . . . . . . . . Missiles Intercepted . | . . . . . . . . . . . . . . . . . . . Alert | -11 -10 -10 -9 -9 -9 -8 -7 -7 -7 -6 -5 -5 -5 -4 -3 -3 -2 -1 ------- Run | Scr Mat Min Mat Sto Gar Mat Fac Gar Fac Fac Fac Gar Ext Fac Res Gar Res Acc Peak Influence 321 | . . . 15 6 277 153 29 130 52 170 69 66 206 110 42 24 27 321 Initial 99 | . . . . 4 2 99 29 15 50 18 61 36 25 66 42 24 9 11 Average 61 | . . . . 4 78 56 29 54 50 106 67 49 68 83 42 24 14 126 Maximum Alert Level 1 | . . . . . 1 . . . . . . . 1 . . . . 1 Low Security (%) 95 | 100 100 100 100 100 83 100 100 100 100 100 100 100 92 100 100 100 100 80 Level 1 4 | . . . . . 16 . . . . . . . 7 . . . . 19 Level 2 . | . . . . . . . . . . . . . . . . . . . Level 3 . | . . . . . . . . . . . . . . . . . . . Level 4 . | . . . . . . . . . . . . . . . . . . . Level 5 . | . . . . . . . . . . . . . . . . . . . High Security . | . . . . . . . . . . . . . . . . . . . Max Security . | . . . . . . . . . . . . . . . . . . . Squads Dispatched 9 | . . . . . . 1 . . . . . . 4 . . . . 4 Investigation 5 | . . . . . . . . . . . . . 3 . . . . 2 Extermination . | . . . . . . . . . . . . . . . . . . . Reinforcement 4 | . . . . . . 1 . . . . . . 1 . . . . 2 Assault . | . . . . . . . . . . . . . . . . . . . Garrison . | . . . . . . . . . . . . . . . . . . . Intercept . | . . . . . . . . . . . . . . . . . . . Searches Triggered . | . . . . . . . . . . . . . . . . . . . Construction Impeded . | . . . . . . . . . . . . . . . . . . . Haulers Reinforced . | . . . . . . . . . . . . . . . . . . . Active Scanning Responses . | . . . . . . . . . . . . . . . . . . . Cargo Convoy Interrupts . | . . . . . . . . . . . . . . . . . . . Stealth | -11 -10 -10 -9 -9 -9 -8 -7 -7 -7 -6 -5 -5 -5 -4 -3 -3 -2 -1 --------- Run | Scr Mat Min Mat Sto Gar Mat Fac Gar Fac Fac Fac Gar Ext Fac Res Gar Res Acc Distress Signals 4 | . . . . . . . . . . . . . 1 . . . . 3 Communications Jammed . | . . . . . . . . . . . . . . . . . . . Distress Signals . | . . . . . . . . . . . . . . . . . . . Times Spotted 64 | . . . . . 13 7 . 3 1 8 . . 6 . . . . 26 Peak Tracking Total 11 | . . . . . 11 5 . 3 1 4 . . 4 . . . . 11 Tactical Retreats 16 | . . . . . 4 . . 1 . 4 . . . . . . . 7 Traps | -11 -10 -10 -9 -9 -9 -8 -7 -7 -7 -6 -5 -5 -5 -4 -3 -3 -2 -1 ------- Run | Scr Mat Min Mat Sto Gar Mat Fac Gar Fac Fac Fac Gar Ext Fac Res Gar Res Acc Traps Triggered 3 | . . . . . 1 . . . . . . . . . . . . 2 Indirectly . | . . . . . . . . . . . . . . . . . . . Trap Hack Attempts 4 | . . . . . . . . . . 4 . . . . . . . . Triggered . | . . . . . . . . . . . . . . . . . . . Disarmed 2 | . . . . . . . . . . 2 . . . . . . . . Reprogrammed . | . . . . . . . . . . . . . . . . . . . Reused . | . . . . . . . . . . . . . . . . . . . Traps Extracted . | . . . . . . . . . . . . . . . . . . . Installed . | . . . . . . . . . . . . . . . . . . . Triggered . | . . . . . . . . . . . . . . . . . . . Machines | -11 -10 -10 -9 -9 -9 -8 -7 -7 -7 -6 -5 -5 -5 -4 -3 -3 -2 -1 ---------- Run | Scr Mat Min Mat Sto Gar Mat Fac Gar Fac Fac Fac Gar Ext Fac Res Gar Res Acc Machines Disabled 1 | . . . . . . . . . . . . . 1 . . . . . Max in Single Turn . | . . . . . . . . . . . . . . . . . . . Machines Sabotaged . | . . . . . . . . . . . . . . . . . . . Garrisons Compromised . | . . . . . . . . . . . . . . . . . . . Overloaded Fab Kills . | . . . . . . . . . . . . . . . . . . . Hacking | -11 -10 -10 -9 -9 -9 -8 -7 -7 -7 -6 -5 -5 -5 -4 -3 -3 -2 -1 --------- Run | Scr Mat Min Mat Sto Gar Mat Fac Gar Fac Fac Fac Gar Ext Fac Res Gar Res Acc Machines Accessed 34 | . 3 . 2 1 . 3 1 . 3 5 3 . 5 2 2 . 1 3 Terminals 26 | . 3 . 2 . . 3 . . 3 2 2 . 5 2 1 . 1 2 Fabricators 3 | . . . . . . . . . . 2 . . . . . . . 1 Repair Stations . | . . . . . . . . . . . . . . . . . . . Recycling Units 1 | . . . . . . . . . . 1 . . . . . . . . Scanalyzers . | . . . . . . . . . . . . . . . . . . . Garrison Access 4 | . . . . 1 . . 1 . . . 1 . . . 1 . . . Total Hacks 89 | . 12 . 3 1 . 10 1 . 4 9 8 . 16 10 2 . 3 10 Successful 68 | . 10 . 2 1 . 9 1 . 3 8 7 . 9 9 2 . 3 4 Failed 21 | . 2 . 1 . . 1 . . 1 1 1 . 7 1 . . . 6 Catastrophic 2 | . . . 1 . . . . . . . . . . . . . . 1 Database Lockouts . | . . . . . . . . . . . . . . . . . . . Manual 9 | . . . . . . . . . . . 2 . . . . . 1 6 Terminals 77 | . 12 . 3 . . 10 . . 4 4 7 . 16 10 1 . 3 7 Fabricators 6 | . . . . . . . . . . 3 . . . . . . . 3 Repair Stations . | . . . . . . . . . . . . . . . . . . . Recycling Units 2 | . . . . . . . . . . 2 . . . . . . . . Scanalyzers . | . . . . . . . . . . . . . . . . . . . Garrison Access 4 | . . . . 1 . . 1 . . . 1 . . . 1 . . . Terminal Hacks 59 | . 10 . 2 . . 9 . . 3 4 6 . 9 9 1 . 3 3 Record 33 | . 6 . 1 . . 3 . . 2 1 4 . 4 7 . . 3 2 Robot Analysis 1 | . . . . . . 1 . . . . . . . . . . . . Prototype ID Bank 1 | . . . . . . 1 . . . . . . . . . . . . Open Door 3 | . . . . . . . . . . . . . 3 . . . . . Open DSF 2 | . . . . . . . . . 1 1 . . . . . . . . Level Access Points 1 | . . . . . . . . . . . . . . 1 . . . . Alert Level 4 | . 1 . . . . 1 . . . 1 1 . . . . . . . Unreport Threat 2 | . . . . . . 1 . . . . . . . . . . . 1 Locate Traps 3 | . 2 . . . . . . . . . 1 . . . . . . . Dispatch Records 2 | . 1 . . . . 1 . . . . . . . . . . . . Maintenance Status 2 | . . . 1 . . . . . . . . . 1 . . . . . Surveillance Status 1 | . . . . . . . . . . . . . 1 . . . . . Hauler Manifests 1 | . . . . . . 1 . . . . . . . . . . . . Zone Layout 3 | . . . . . . . . . . 1 . . . 1 1 . . . Fabricator Hacks 2 | . . . . . . . . . . 2 . . . . . . . . Network Status 1 | . . . . . . . . . . 1 . . . . . . . . Build 1 | . . . . . . . . . . 1 . . . . . . . . Repair Station Hacks . | . . . . . . . . . . . . . . . . . . . Recycling Unit Hacks 2 | . . . . . . . . . . 2 . . . . . . . . Process 1 | . . . . . . . . . . 1 . . . . . . . . Retrieve Matter 1 | . . . . . . . . . . 1 . . . . . . . . Scanalyzer . | . . . . . . . . . . . . . . . . . . . Garrison Access Hacks 4 | . . . . 1 . . 1 . . . 1 . . . 1 . . . Unlock Access 4 | . . . . 1 . . 1 . . . 1 . . . 1 . . . Unauthorized Hacks 1 | . . . . . . . . . . . . . . . . . . 1 Terminals . | . . . . . . . . . . . . . . . . . . . Fabricators 1 | . . . . . . . . . . . . . . . . . . 1 Overload 1 | . . . . . . . . . . . . . . . . . . 1 Repair Stations . | . . . . . . . . . . . . . . . . . . . Recycling Units . | . . . . . . . . . . . . . . . . . . . Scanalyzers . | . . . . . . . . . . . . . . . . . . . Garrison Access . | . . . . . . . . . . . . . . . . . . . Data Cores Recovered . | . . . . . . . . . . . . . . . . . . . Used . | . . . . . . . . . . . . . . . . . . . Hacking Detections 25 | . 3 . 1 . . 2 . . 3 4 1 . 5 2 . . 1 3 Full Trace Events 4 | . . . . . . . . . . . . . 3 . . . . 1 Feedback Events . | . . . . . . . . . . . . . . . . . . . Feedback Blocked . | . . . . . . . . . . . . . . . . . . . Robot Schematics Acquired . | . . . . . . . . . . . . . . . . . . . Robots Built 1 | . . . . . . . . . . 1 . . . . . . . . Authchips . | . . . . . . . . . . . . . . . . . . . Time 40 | . . . . . . . . . . 40 . . . . . . . . Total Robot Build Rating 1 | . . . . . . . . . . 1 . . . . . . . . Part Schematics Acquired . | . . . . . . . . . . . . . . . . . . . Parts Built . | . . . . . . . . . . . . . . . . . . . Authchips . | . . . . . . . . . . . . . . . . . . . Time . | . . . . . . . . . . . . . . . . . . . Total Part Build Rating . | . . . . . . . . . . . . . . . . . . . Parts Repaired . | . . . . . . . . . . . . . . . . . . . Time . | . . . . . . . . . . . . . . . . . . . Parts Recycled . | . . . . . . . . . . . . . . . . . . . Recycled Matter . | . . . . . . . . . . . . . . . . . . . Retrieved Matter . | . . . . . . . . . . . . . . . . . . . Retrieved Components . | . . . . . . . . . . . . . . . . . . . Parts Scanalyzed . | . . . . . . . . . . . . . . . . . . . Part Schematics Acquired . | . . . . . . . . . . . . . . . . . . . Parts Damaged . | . . . . . . . . . . . . . . . . . . . Bothacking | -11 -10 -10 -9 -9 -9 -8 -7 -7 -7 -6 -5 -5 -5 -4 -3 -3 -2 -1 ------------ Run | Scr Mat Min Mat Sto Gar Mat Fac Gar Fac Fac Fac Gar Ext Fac Res Gar Res Acc Used RIF Installer 3 | . . . . . 1 . . 1 . . . 1 . . . . . . Signal Jammer 1 | . . . . . . . . 1 . . . . . . . . . . Patrol Navigation 1 | . . . . . . . . . . . . 1 . . . . . . Robots Hacked 9 | . . . . . . 1 . . 3 4 . . . . . . . 1 Non-combat 4 | . . . . . . . . . 2 1 . . . . . . . 1 Combat 5 | . . . . . . 1 . . 1 3 . . . . . . . . Robot Hacks Applied 11 | . . . . . . 2 . . 3 5 . . . . . . . 1 parse_system 4 | . . . . . . . . . 1 3 . . . . . . . . no_distress 1 | . . . . . . . . . 1 . . . . . . . . . find_terminals 2 | . . . . . . . . . 1 . . . . . . . . 1 find_shortcuts 2 | . . . . . . 1 . . . 1 . . . . . . . . find_garrison 2 | . . . . . . 1 . . . 1 . . . . . . . . Relay Couplers Released . | . . . . . . . . . . . . . . . . . . . Fabnet Peak Effective % . | . . . . . . . . . . . . . . . . . . . Robots Rewired . | . . . . . . . . . . . . . . . . . . . Allies Hacked . | . . . . . . . . . . . . . . . . . . . Hacks Repelled . | . . . . . . . . . . . . . . . . . . . Allies | -11 -10 -10 -9 -9 -9 -8 -7 -7 -7 -6 -5 -5 -5 -4 -3 -3 -2 -1 -------- Run | Scr Mat Min Mat Sto Gar Mat Fac Gar Fac Fac Fac Gar Ext Fac Res Gar Res Acc Total Allies 4 | . . . . . . . . . . 1 . . 3 . . . . . Largest Group 3 | . . . . . . . . . . 1 . . 3 . . . . . Highest-Rated Group 109 | . . . . . . . . . . 6 . . 109 . . . . . Highest-Rated Ally 39 | . . . . . . . . . . 6 . . 39 . . . . . Total Orders . | . . . . . . . . . . . . . . . . . . . Ally Attacks 10 | . . . . . . . . . . . . . 10 . . . . . Total Damage 117 | . . . . . . . . . . . . . 117 . . . . . Kills 3 | . . . . . . . . . . . . . 3 . . . . . Allies Corrupted . | . . . . . . . . . . . . . . . . . . . Allies Melted . | . . . . . . . . . . . . . . . . . . . Intel | -11 -10 -10 -9 -9 -9 -8 -7 -7 -7 -6 -5 -5 -5 -4 -3 -3 -2 -1 ------- Run | Scr Mat Min Mat Sto Gar Mat Fac Gar Fac Fac Fac Gar Ext Fac Res Gar Res Acc Robot Analysis Total 6 | 1 . . . . . 2 . . 1 1 . . . . . . . 1 Derelict Logs Recovered 1 | . . 1 . . . . . . . . . . . . . . . . Drone Launches . | . . . . . . . . . . . . . . . . . . . Drone Recoveries . | . . . . . . . . . . . . . . . . . . . Exploration | -11 -10 -10 -9 -9 -9 -8 -7 -7 -7 -6 -5 -5 -5 -4 -3 -3 -2 -1 ------------- Run | Scr Mat Min Mat Sto Gar Mat Fac Gar Fac Fac Fac Gar Ext Fac Res Gar Res Acc Turns Passed 3616 | 13 130 261 82 29 334 1048 66 375 236 269 26 29 65 68 36 35 41 473 Spaces Moved 3811 | 22 123 249 82 30 329 285 42 227 180 477 81 91 196 194 102 100 118 883 Core 716 | 16 . . . . 25 95 . . . 61 . . . . . . . 519 Treads 586 | . . . . . . 190 42 227 127 . . . . . . . . . Legs . | . . . . . . . . . . . . . . . . . . . Wheels 794 | 6 123 249 82 30 304 . . . . . . . . . . . . . Hover 460 | . . . . . . . . . 53 272 . . . . . . . 135 Flight 1255 | . . . . . . . . . . 144 81 91 196 194 102 100 118 229 Fastest Speed 32 | 50 100 100 100 100 100 50 160 160 56 32 32 32 32 35 35 35 35 35 Average Speed 75 | 63 100 100 100 100 100 139 160 160 129 51 32 32 32 35 35 35 35 50 Slowest Speed 200 | 100 100 100 100 100 100 160 160 160 160 100 32 32 115 35 35 35 35 200 Overloaded Moves . | . . . . . . . . . . . . . . . . . . . Propulsion Burnouts . | . . . . . . . . . . . . . . . . . . . Robots Hopped 4 | . . . . . . . . . . 3 . . 1 . . . . . Cave-ins Triggered . | . . . . . . . . . . . . . . . . . . . Exploration Rate (%) 22 | 3 25 74 12 13 54 28 2 49 5 16 4 37 37 7 5 34 4 27 Regions Visited 18 Branch Regions 3 Pre-discovered Areas . | . . . . . . . . . . . . . . . . . . . Known Exits Taken 14 | 1 1 1 1 1 . 1 1 . 1 1 1 . 1 1 1 . 1 . Unknown Exits Taken . | . . . . . . . . . . . . . . . . . . . Scrap Searched 1 | . . 1 . . . . . . . . . . . . . . . . Spaces Dug . | . . . . . . . . . . . . . . . . . . . Terrain Destroyed . | . . . . . . . . . . . . . . . . . . . Melee . | . . . . . . . . . . . . . . . . . . . Projectile . | . . . . . . . . . . . . . . . . . . . AOE . | . . . . . . . . . . . . . . . . . . . Terrain Rammed . | . . . . . . . . . . . . . . . . . . . Walls Destroyed . | . . . . . . . . . . . . . . . . . . . Machines Disabled . | . . . . . . . . . . . . . . . . . . . Actions | -11 -10 -10 -9 -9 -9 -8 -7 -7 -7 -6 -5 -5 -5 -4 -3 -3 -2 -1 --------- Run | Scr Mat Min Mat Sto Gar Mat Fac Gar Fac Fac Fac Gar Ext Fac Res Gar Res Acc Total 4521 | 21 130 261 81 29 334 936 41 230 182 497 80 89 194 193 101 98 117 907 Wait 676 | . 8 13 . . . 652 . . . 1 . . . . . . . 2 Move 3781 | 21 122 248 81 29 327 284 41 225 179 470 80 89 193 193 101 98 117 883 Hop 4 | . . . . . . . . . . 3 . . 1 . . . . . Pick Up . | . . . . . . . . . . . . . . . . . . . Fast Attach . | . . . . . . . . . . . . . . . . . . . Attach . | . . . . . . . . . . . . . . . . . . . Detach . | . . . . . . . . . . . . . . . . . . . Swap . | . . . . . . . . . . . . . . . . . . . Drop . | . . . . . . . . . . . . . . . . . . . Fire 5 | . . . . . . . . 5 . . . . . . . . . . Melee 16 | . . . . . . . . . 3 12 . . . . . . . 1 Ram 12 | . . . . . 2 . . . . 7 . . . . . . . 3 Kick . | . . . . . . . . . . . . . . . . . . . Crush . | . . . . . . . . . . . . . . . . . . . Escape Stasis 21 | . . . . . 3 . . . . . . . . . . . . 18 Rewire 2 | . . . . . 2 . . . . . . . . . . . . . Trap 4 | . . . . . . . . . . 4 . . . . . . . . Miscellaneous . | . . . . . . . . . . . . . . . . . . . Route ------- -11/Scrapyard -10/Materials -10/Mines (discovered 2 exits: *Mat x2) -9/Materials -9/Storage -9/Garrison (discovered 2 exits: *Mat x2) -8/Materials -7/Factory -7/Garrison (discovered 2 exits: *Fac x2) -7/Factory -6/Factory -5/Factory -5/Garrison -5/Extension -4/Factory (discovered 4 exits: *Res x4) -3/Research -3/Garrison -2/Research -1/Access History --------- Turn | Location | Event 2 | -11/Scrapyard | Identified exit to Materials 2 | -11/Scrapyard | Discovered exit to Materials (range 16) 14 | -11/Scrapyard | Entered Materials 129 | -10/Materials | Identified exit to Mines 129 | -10/Materials | Discovered exit to Mines (range 13) 144 | -10/Materials | Entered Mines 191 | -10/Mines | Identified exit to Materials 191 | -10/Mines | Discovered exit to Materials (range 8) 213 | -10/Mines | A weapon hastily lodged in a ceiling crevice suddenly fell to the ground 238 | -10/Mines | Received a Rocket Launcher from a helpful Derelict 350 | -10/Mines | Discovered exit to Materials (range 12) 405 | -10/Mines | Entered Materials 406 | -9/Materials | Identified exit to Storage 487 | -9/Materials | Entered Storage 515 | -9/Storage | Identified exit to Garrison 516 | -9/Storage | Entered Garrison 586 | -9/Garrison | Triggered checkpoint 640 | -9/Garrison | Triggered checkpoint 690 | -9/Garrison | Identified exit to Materials 690 | -9/Garrison | Discovered exit to Materials (range 9) 718 | -9/Garrison | Triggered checkpoint 762 | -9/Garrison | Triggered checkpoint 790 | -9/Garrison | Triggered checkpoint 825 | -9/Garrison | Lost 3 parts (1p1n1u) 829 | -9/Garrison | Discovered exit to Materials (range 12) 845 | -9/Garrison | Installed Relay Interface Framework 848 | -9/Garrison | Core integrity fell below 50% 850 | -9/Garrison | Entered Materials 1881 | -8/Materials | Identified exit to Factory 1881 | -8/Materials | Discovered exit to Factory (range 9) 1898 | -8/Materials | Entered Factory 1959 | -7/Factory | Identified exit to Garrison 1964 | -7/Factory | Entered Garrison 2032 | -7/Garrison | Triggered checkpoint 2042 | -7/Garrison | Triggered checkpoint 2089 | -7/Garrison | Identified exit to Factory 2089 | -7/Garrison | Discovered exit to Factory (range 13) 2230 | -7/Garrison | Triggered checkpoint 2303 | -7/Garrison | Discovered exit to Factory (range 12) 2331 | -7/Garrison | Expanded RIF knowledge: Signal Jamming 2339 | -7/Garrison | Entered Factory 2570 | -7/Factory | Identified exit to Factory 2570 | -7/Factory | Discovered exit to Factory (range 8) 2575 | -7/Factory | Entered another Factory area 2735 | -6/Factory | Lost 4 parts (1n2u1w) 2785 | -6/Factory | Fabricated K-01 Serf? 2825 | -6/Factory | Lost 3 parts (1p1n1u) 2841 | -6/Factory | Identified exit to Factory 2841 | -6/Factory | Discovered exit to Factory (range 7) 2844 | -6/Factory | Entered another Factory area 2869 | -5/Factory | Identified exit to Garrison 2870 | -5/Factory | Entered Garrison 2881 | -5/Garrison | Spotted B-75 Beast 2882 | -5/Garrison | Triggered checkpoint 2891 | -5/Garrison | Identified exit to Extension 2891 | -5/Garrison | Discovered exit to Extension (range 13) 2897 | -5/Garrison | Expanded RIF knowledge: Patrol Navigation 2899 | -5/Garrison | Entered Extension 2931 | -5/Extension | Rescued a captive Derelict 2931 | -5/Extension | Rescued a captive Derelict 2951 | -5/Extension | Rescued a captive Derelict 2954 | -5/Extension | Spotted B-75 Beast 2956 | -5/Extension | Spotted B-75 Beast 2962 | -5/Extension | Identified exit to Factory 2962 | -5/Extension | Discovered exit to Factory (range 3) 2964 | -5/Extension | Entered Factory 2968 | -4/Factory | Identified exit to Research 3032 | -4/Factory | Entered Research 3066 | -3/Research | Identified exit to Garrison 3068 | -3/Research | Entered Garrison 3082 | -3/Garrison | Triggered checkpoint 3087 | -3/Garrison | Spotted B-86 Titan 3092 | -3/Garrison | Triggered checkpoint 3099 | -3/Garrison | Identified exit to Research 3099 | -3/Garrison | Discovered exit to Research (range 8) 3103 | -3/Garrison | Entered Research 3141 | -2/Research | Identified exit to Access 3141 | -2/Research | Discovered exit to Access (range 9) 3144 | -2/Research | Entered Access 3340 | -1/Access | Spotted B-99 Colossus 3409 | -1/Access | Lost 6 parts (1p1n3u1w) 3447 | -1/Access | Core integrity fell below 50% 3566 | -1/Access | Core integrity fell below 20% 3583 | -1/Access | Spotted B-99 Colossus 3617 | -1/Access | Destroyed by B-99 Colossus with Multirail Last Messages --------------- 03567_ Field strength at 32. 03568_ Field strength at 22. 03569_ Field strength at 16. 03570_ Field strength at 10. 03571_ Stasis field depleted. 03575_ O-32 Director: "IFF HANDSHAKE FAILED. SECURING TERMINAL." 03577_ O-32 Director uses terminal to summon reinforcements. 03577_ ALERT: Hostiles spotted, dispatching reinforcements to Terminal A005. 03577_ O-32 Director locks terminal. 03596_ Connecting with Terminal... >>Alert(Purge) Purged threat record, alert level lowered. 03596_ ALERT: Suspicious activity at Terminal A022. Dispatching Investigation squad. 03601_ Terminal disabled. 03604_ Penetrated by Slug. 03614_ Knocked back. 03617_ Slug penetrates Wall. 03617_ Penetrated by Slug. Map ----- +----------------------------------------------------+ | | | | | | | | | | | | | | | | | | | | | | | | | | | | | | | | | | | | | | | | | #####????????????????????????????????????????????? | | #????????????????????????????????????????????? | | #???????????########??????####???????#######?? | | ] =#???????????# ?????# #???????# ### | | #???????????# ####;;BB######### | | ?????????????# @ | | +#????????? ?# " # % ###### | | #???###??# ## """ # #????# ### | | #?? ??## ## """ ?# #??#####+##### | | ## # " ?# #??# # | | # ??# == #??# ! # | | ## + ??# =! #??# # | | #?? ??### ######???# = #??# # | | #???###???# ????? ########+##### | | ########### ???? | | # # ??? | | # [ # """""" ################ | | # " # """""" #??????????????# | | # """ # """""" #??????????????####### | | + """ # """""" ! #????????????????????# | | ## " # """""" #????????????????????# | | ?# + +????????????????????# | | ?# # #????????????????????# | | ?########### [ #???????????????????## | | ???????????# ######## ###????????############ | | ???????????# #???????????????????# / | | ???????????# #???????????????????# ##### | | ???????????# #???????????????????# #???## | | ???????????# #????###+???######### #????? | | ???????????# ##??? ????? ## #????? | +----------------------------------------------------+ Best States ------------- Heat Dissipation 39 Energy Generation 19 Energy Capacity 215 Matter Stores 100 Matter Capacity 100 Sight Range 16 Terrain Scan Density 10 Armor Coverage 150 Resistance: KI 35 Resistance: TH 35 Resistance: EX 85 Resistance: EM 35 Resistance: I 60 Resistance: S 35 Resistance: P 35 Evasion (%) 63 Recoil Reduction 2 Offensive Hacking 32 Defensive Hacking 12 Item Schematics ----------------- None Robot Schematics ------------------ None Fabricated ------------ K-01 Serf | x1 | -6/Factory | Preloaded Alien Tech Used ----------------- None Achievements -------------- Party Time Challenges ------------ None Polymind | -11 -10 -10 -9 -9 -9 -8 -7 -7 -7 -6 -5 -5 -5 -4 -3 -3 -2 -1 ---------- Run | Scr Mat Min Mat Sto Gar Mat Fac Gar Fac Fac Fac Gar Ext Fac Res Gar Res Acc Hosts 5 | 1 . . . . . 1 . . 1 1 . . . . . . . 1 Combat Hostiles 2 | . . . . . . 1 . . . 1 . . . . . . . . Allies . | . . . . . . . . . . . . . . . . . . . Unique Host Classes 4 | 1 . . . . . 1 . . 1 1 . . . . . . . . Average Host Suspicion 50 | . 29 54 26 11 63 38 7 61 42 90 21 54 63 47 20 29 25 82 Unsuspicious Activity 707 | 2 . . . . . 663 . . 5 27 . . . . . . . 10 Returns to Shadow 1 | . . . . . . 1 . . . . . . . . . . . . Fuzzy Dispatches . | . . . . . . . . . . . . . . . . . . . Protomatter Created 16 | . . . . . 4 . . . . . . . 12 . . . . . Used 59 | 5 . . . . . 23 . . 7 14 . . . . . . . 10 Decayed 4 | . . . . . 4 . . . . . . . . . . . . . Highest Spend 23 | 5 . . . . . 23 . . 7 14 . . . . . . . 10 Top 5 Hosts by Kills: Y-45 Defender (-8/Materials: 2) Game ------ Seed DeuteriumInsulatedStripper Manual? 0 Play Time 00:45:04 Cumulative 134.5 hours Start 2023.01.01 @ 17:08:23 End 2023.01.01 @ 17:55:39 Sessions 1 Manual Loads 0 Difficulty Explorer Special Mode Winter2022/Polymind Game No. 85 Rogue 74 Adventurer 0 Explorer 11 Win Type - Total 2 Types 2/0/0/0/0/0/0/0/0 Lore% 56 Gallery% 52 Achievement% 46 Wizard Run 0 Options --------- ASCII 0 Keyboard 0 Movement Numpad Keybinds 1 Fullscreen 1 Font 18/SmallcapsGlow Map View 76x50 Tactical HUD 1 Map Filters NONE Filters NONE Steam 1 RUN: 48e5dba7-d763-4cd2-ac4d-878842b6f823